 Dungeon Crawl Stone Soup version 0.31-a0-659-gc5a091b79a (webtiles) character file.

Game seed: 17096795248247296024

1734 GordonOverkill the Poker (level 9, -2/54 HPs)
             Began as a Tengu Delver on Aug 31, 2023.
             Was an Initiate of Gozag.
             Slain by an unseen horror (7 damage)
             ... on level 6 of the Dungeon.
             The game lasted 00:14:58 (6995 turns).

GordonOverkill the Poker (Tengu Delver)             Turns: 6995, Time: 00:14:59

Health: -2/54      AC:  8    Str: 20    XL:     9   Next: 5%
Magic:  17/17      EV: 12    Int: 14    God:    Gozag
Gold:   278        SH:  0    Dex: 15    Spells: 16/18 levels left

rFire   . . .        y - +0 trident
rCold   . . .        (no shield)
rNeg    . . .        a - +3 ring mail
rPois   .            (helmet restricted)
rElec   .            (no cloak)
rCorr   .            (no gloves)
SInv    .            (boots unavailable)
Will    .....        (no amulet)
Stlth   ++           l - +6 ring of strength
HPRegen 0.29/turn    (no ring)
MPRegen 0.15/turn

%: acrobat
@: no status effects
A: beak, talons 3, acrobatic flight
a: Renounce Religion, Potion Petition, Call Merchant, Bribe Branch


You were on level 6 of the Dungeon.
You worshipped Gozag.
Gozag was aware of your devotion.
You visited 2 branches of the dungeon, and saw 8 of its levels.

You collected 392 gold pieces.
You paid 114 gold pieces to Gozag.

Inventory:

Hand Weapons
 y - a +0 trident (weapon)
Missiles
 z - 9 poisoned darts (quivered)
Armour
 a - a +3 ring mail (worn)
 b - a +0 leather armour
 t - a +0 plate armour
 x - a +1 ring mail of willpower
 B - the +0 ring mail of the Journeyman {rF+ Int+2}
   (You found it on level 7 of the Dungeon)

   Int+2:     It affects your intelligence (+2).
   rF+:       It protects you from fire.
Jewellery
 l - a +6 ring of strength (left hand)
 s - a ring of ice
 v - a ring of fire
Wands
 g - a wand of digging (3)
 F - a wand of acid (10)
Scrolls
 c - 3 scrolls of fog
 d - 2 scrolls of revelation
 e - a scroll of fear
 h - a scroll of vulnerability {unknown}
 i - a scroll of enchant weapon {unknown}
 p - a scroll of teleportation {unknown}
 q - 2 scrolls of silence {unknown}
 u - a scroll of poison
 C - a scroll of identify
Potions
 f - a potion of haste
 j - a potion of enlightenment {unknown}
 k - 2 potions of cancellation
 m - a potion of ambrosia
 n - 2 potions of brilliance {unknown}
 o - a potion of berserk rage
 r - 5 potions of curing {unknown}
 w - a potion of heal wounds
 A - a potion of resistance {unknown}
 D - a potion of might {unknown}
 E - 3 potions of mutation {unknown}


   Skills:
 - Level 5.0 Fighting
 - Level 7.0 Polearms
 - Level 3.0 Armour
 - Level 3.0 Dodging
 - Level 5.0 Stealth
 - Level 5.0 Spellcasting
 + Level 4.3 Transmutations


You had 16 spell levels left.
You knew the following spells:

 Your Spells              Type           Power      Damage    Failure   Level
a - Wereblood             Tmut           15%        N/A       8%          2

Your spell library contained the following spells:

 Spells                   Type           Power      Damage    Failure   Level
 Slow                     Hex            12%        N/A       28%         1
 Sublimation of Blood     Necr           3%         N/A       41%         2
 Confusing Touch          Hex            3%         N/A       65%         3
 Inner Flame              Hex/Fire       3%         N/A       65%         3
 Vampiric Draining        Necr           3%         2d6       65%         3
 Yara's Violent Unravell  Hex/Tmut       4%         3d4       98%         5
 Enfeeble                 Hex            1%         N/A       100%        7
 Summon Hydra             Summ           1%         N/A       100%        7


Dungeon Overview and Level Annotations

Branches:
Dungeon (7/15)             Temple (1/1) D:7

Altars:
Ashenzari
Cheibriados
Dithmenos
Elyvilon
Fedhas
Gozag
Hepliaklqana
Makhleb
Nemelex Xobeh
Okawaru
Qazlal
Sif Muna
Uskayaw
Vehumet
Xom
Yredelemnul
The Shining One


Innate Abilities, Weirdness & Mutations

You have a beak for a mouth.
You have claws for feet.
You fly and can evade attacks while moving or waiting.


Message History

You hit something. You claw something! Something hits you.
* * * LOW HITPOINT WARNING * * *
Something hits you but does no damage.
You barely miss something. Your kick misses something.
Something hits you but does no damage. x2
You barely miss something. Your kick misses something. Something hits you.
* * * LOW HITPOINT WARNING * * *
You closely miss something. Your peck misses something. Something hits you.
* * * LOW HITPOINT WARNING * * *
You swing at nothing.
You hit something. You peck something.
Something hits you but does no damage. x2
You closely miss something. Something hits you.
* * * LOW HITPOINT WARNING * * *
You miss something. Your peck misses something.
Something completely misses you.
You barely miss something. Something hits you.
* * * LOW HITPOINT WARNING * * *
You swing at nothing.
You barely miss something. Something hits you but does no damage.
Something hits you.
* * * LOW HITPOINT WARNING * * *
You closely miss something. Your peck misses something. Something hits you.
* * * LOW HITPOINT WARNING * * *
You swing at nothing.
Something hits you but does no damage.
You hit something. Your peck misses something. Something completely misses you.
Something hits you but does no damage.
You feel much better.
Something hits you but does no damage. x2
You barely miss something. Your peck misses something.
Something barely misses you.
You swing at nothing.
Something hits you but does no damage.
You puncture something! Your punch misses something. Something hits you.
* * * LOW HITPOINT WARNING * * *
Something barely misses you. Something hits you!
* * * LOW HITPOINT WARNING * * *
You barely miss something. Your kick misses something. You peck something.
Something hits you but does no damage. Something hits you!
* * * LOW HITPOINT WARNING * * *
You miss something. Your kick misses something. Something hits you!
You die...
Your body crumbles into a pile of gold.

.#.# #.......##...# .#.#
#.......##.### ##.#############
#.......##.# .#.##....##....#
#..........# .#.##....##....#
#.......#### .#.#....>...)..#
#..........# ...#...........#
#..........#
.###...........######.........#
.# #............@.............#
.# #...........#####......#####
.# #..........####........#####
.# #..........................#
## #...................>......#
#....).....................#
#######.##..#####..........#
### #.##..# ##.........#
..########.##..# #.........#


There were no monsters in sight!

Vanquished Creatures
  Menkaure (D:6)
  A water moccasin (D:6)
  An orc warrior (D:6)
  2 black bears
  A kobold brigand (D:6)
  3 bullfrogs
  A gnoll sergeant (D:7)
  3 scorpions
  6 hounds
  A jelly (D:5)
  3 orc priests (D:7)
  A gnoll bouda (D:5)
  2 iguanas
  An orc wizard (D:5)
  13 gnolls
  9 adders
  A shadow imp (D:6)
  2 ufetubi (D:5)
  A worm (D:3)
  3 dart slugs
  4 orcs
  7 bats
  5 endoplasms
  7 giant cockroaches
  10 hobgoblins
  8 jackals
  4 quokkas
  11 ball pythons
  3 frilled lizards
  7 goblins
  11 kobolds
  A rat (D:1)
134 creatures vanquished.

Notes
Turn   | Place    | Note
-------+----------+-------------------------------------------
     0 | D:5      | GordonOverkill the Tengu Delver began the quest for the
                  | Orb.
     0 | D:5      | Reached XP level 1. HP: 14/14 MP: 2/2
    59 | D:6      | Noticed a gnoll bouda
   177 | D:2      | Reached skill level 3 in Polearms
   177 | D:2      | Reached XP level 2. HP: 18/19 MP: 3/3
   426 | D:1      | Found a faded altar of an unknown god.
   483 | D:1      | Reached XP level 3. HP: 21/23 MP: 4/4
   576 | D:1      | Reached skill level 4 in Polearms
  1221 | D:2      | Reached XP level 4. HP: 27/28 MP: 5/5
  1244 | D:2      | Reached skill level 1 in Armour
  2317 | D:3      | Noticed a bullfrog
  2332 | D:3      | Killed a bullfrog
  2333 | D:3      | Gained mutation: You fly and can evade attacks while moving
                  | or waiting. [Tengu growth]
  2333 | D:3      | Reached XP level 5. HP: 25/33 MP: 6/6
  2957 | D:4      | Noticed a black bear
  2968 | D:4      | Killed a black bear
  2969 | D:4      | Reached skill level 5 in Polearms
  2969 | D:4      | Reached XP level 6. HP: 6/38 MP: 7/7
  3676 | D:5      | Reached skill level 6 in Polearms
  3761 | D:5      | Reached XP level 7. HP: 44/44 MP: 8/8
  4126 | D:5      | Reached skill level 5 in Fighting
  4150 | D:5      | Learned a level 2 spell: Wereblood
  4876 | D:6      | Noticed Menkaure
  4893 | D:6      | Killed Menkaure
  4894 | D:6      | Reached skill level 7 in Polearms
  4894 | D:6      | Reached skill level 1 in Spellcasting
  5000 | D:6      | Reached skill level 1 in Transmutations
  5453 | D:6      | Reached XP level 8. HP: 43/49 MP: 10/12
  5818 | D:6      | Identified the +0 chain mail of Love and Death {rCorr Int+4
                  | Dex+2}
  6216 | D:7      | Identified the +0 ring mail of the Journeyman {rF+ Int+2}
  6369 | D:7      | Found a staircase to the Ecumenical Temple.
  6375 | Temple   | Entered the Ecumenical Temple
  6427 | Temple   | Became a worshipper of Gozag Ym Sagoz the Greedy
  6630 | D:7      | Reached skill level 5 in Spellcasting
  6630 | D:7      | Reached XP level 9. HP: 46/54 MP: 17/17
  6995 | D:6      | Slain by an unseen horror

Illustrated notes

Levels and vault maps discovered:
D:1:      dpeg_arrival_court, layout_basic, basic_ecumenical_altar,
          hangedman_abyss_or_decor_stabs, minmay_misc_feat_five,
          chequers_serial_rivers_micro_b
D:2:      layout_loops_corners, minmay_ruptured
D:3:      layout_loops_ring
D:4:      layout_gridville
D:5:      layout_basic, serial_glass, glass_columns_c, glass_columns_a
D:6:      layout_basic, uniq_menkaure
D:7:      layout_cave_pools, minmay_temple_entry_hall
Temple:   minmay_crystal_spiral_temple

Skill      XL: |  1  2  3  4  5  6  7  8 |
---------------+-------------------------+-----
Polearms       | 3 4 5 6 7 |  7.0
Dodging        | 3 |  3.0
Armour         | 3 |  3.0
Fighting       | 4 5 |  5.0
Spellcasting   | 2 5 |  5.0
Transmutations | 2 4 |  4.3
Stealth        | |  5.0

Action                     |  1- 3 |  4- 6 |  7- 9 || total
---------------------------+-------+-------+-------++-------
  Melee: Spear             |    88 |   123 |       ||   211
         Peck              |    16 |    16 |    22 ||    54
         Kick              |    20 |    35 |    46 ||   101
         Punch             |       |     2 |     3 ||     5
         Trident           |       |    32 |   224 ||   256
  Throw: Dart              |       |     4 |     4 ||     8
   Cast: Wereblood         |       |       |     5 ||     5
    Use: Potion            |       |     1 |     1 ||     2
         Scroll            |       |     5 |     1 ||     6
   Stab: Sleeping          |     7 |     6 |     3 ||    16
         Distracted        |       |       |     1 ||     1
 Armour: Leather armour    |    28 |       |       ||    28
         Plate armour      |     5 |    53 |       ||    58
         Ring mail         |       |    34 |   170 ||   204
  Dodge: Dodged            |    45 |    46 |   129 ||   220

Table legend: (Time is in decaauts)
 A = Elapsed time spent in this place.
 B = Non-inter-level travel time spent in this place.
 C = Inter-level travel time spent in this place.
 D = Time resting spent in this place.
 E = Time spent auto-exploring this place.
 F = Levels seen in this place.
 G = Mean time per level.
                   A        B        C        D        E       F      G
               +--------+--------+--------+--------+--------+-----+--------+
         Total |   6958 |   6530 |    428 |   1502 |   3464 |   8 |  869.8 |
       Dungeon |   6858 |   6524 |    334 |   1502 |   3464 |   7 |  979.7 |
        Temple |    100 |      6 |     94 |      0 |      0 |   1 |  100.0 |
               +--------+--------+--------+--------+--------+-----+--------+

Top non-repeatable levels by time:
     D:5: 1547 daAuts
     D:6: 1348 daAuts
     D:4: 1028 daAuts
     D:2: 1003 daAuts
     D:3: 861 daAuts
     D:1: 715 daAuts
     D:7: 353 daAuts
  Temple: 100 daAuts
